Capitals vs Ducks

Created - 14 mars 2021 at 20:52

Goals
1 2 3 OT1 SO T
Capitals 2 1 0 0 0 3
Ducks 0 1 2 0 1 4
Shots
1 2 3 OT1 SO T
Capitals 13 12 9 3 3 37
Ducks 8 14 13 4 3 39

1st period

1. Capitals , Kris Russell 9 (Kevin Labanc 15, Radko Gudas 8) at 1:26
2. Capitals , David Kampf 21 (Mikael Granlund 37, Kris Russell 20) at 2:59

Penalties :
Derek Stepan (ANA) for Goalie Interference (Minor) at 15:26

2nd period

3. Capitals , Wayne Simmonds 13 (Jason Dickinson 32) at 3:04
4. Ducks , Josh Manson 6 (Michael Raffl 6, Kyle Turris 13) at 18:07

Penalties :
Brandon Sutter (ANA) for Fighting (Major) at 12:00, Radko Gudas (WSH) for Fighting (Major) at 12:00, Luke Schenn (ANA) for Hooking (Minor) at 15:07

3rd period

5. Ducks , Brett Connolly 3 (Calvin de Haan 24, Kyle Turris 14) at 5:57
6. Ducks , Brett Connolly 4 (Artem Anisimov 17, Brandon Sutter 35) at 12:19

Penalties :
Brandon Montour (WSH) for Goalie Interference (Minor) at 10:13, Luke Kunin (ANA) for Slashing (Minor) at 18:05, Jason Dickinson (WSH) for Boarding (Minor) at 18:07

Overtime #1

No Goal

Penalties :
No Penalty

Shootout

Capitals, Mikael Granlund - Stopped by Antti Raanta
Ducks, Derek Stepan - Stopped by Jimmy Howard
Capitals, David Kampf - Stopped by Antti Raanta
Ducks, Anders Lee - Stopped by Jimmy Howard
Capitals, Oliver Bjorkstrand - Stopped by Antti Raanta
Ducks, Marcus Johansson - Goal!

Penalties :
No Penalty

Goalie Stats

Jimmy Howard (WSH), 36 saves from 39 shots - (0,923), OTL, 5-16-1, 65:00 minutes
Antti Raanta (ANA), 34 saves from 37 shots - (0,919), W, 21-19-6, 65:00 minutes

Players Stats for Capitals

Player Name              G  A  P  +/- PIM S  H  SB GA TA FO     MP     PP MP  PK MP  
------------------------------------------------------------------------------------
Bobby Ryan               0  0  0  -2  0   2  2  0  0  0  0/2    12:52   0:00   0:00 
Brandon Montour          0  0  0   0  2   1  3  0  0  0  0/0    25:39   1:44   0:02 
Brett Kulak              0  0  0  -2  0   0  0  2  0  0  0/0    16:19   0:06   0:57 
Casey Mittelstadt        0  0  0  -2  0   3  0  0  0  0  1/2    11:23   0:00   0:16 
Chandler Stephenson      0  0  0  -2  0   1  0  1  0  0  5/13   11:50   0:00   0:00 
David Kampf              1  0  1   1  0   3  0  1  0  0  3/4    23:01   1:44   1:22 
Filip Zadina             0  0  0  -1  0   5  0  0  0  0  0/0     7:51   0:00   0:00 
Jason Dickinson          0  1  1   2  2   2  1  0  0  0  13/19  18:44   2:15   0:00 
Kaapo Kakko              0  0  0  -1  0   1  0  0  0  0  0/0     7:51   0:00   0:00 
Kevin Labanc             0  1  1   2  0   1  0  0  0  0  0/0    18:13   2:16   0:00 
Kris Russell             1  1  2   2  0   2  1  1  0  0  0/0    19:52   2:16   0:50 
Mattias Ekholm           0  0  0   0  0   2  0  4  0  0  0/0    27:22   1:44   1:11 
Mikael Granlund          0  1  1   1  0   6  2  0  0  0  11/27  23:17   1:44   1:32 
Oliver Bjorkstrand       0  0  0   1  0   1  2  0  0  0  2/2    22:04   1:44   0:25 
Radko Gudas              0  1  1   2  5   1  2  0  0  0  0/0    18:06   0:57   1:02 
Riley Stillman           0  0  0  -2  0   2  3  2  0  0  0/0    17:42   1:13   0:00 
Vinnie Hinostroza        0  0  0  -1  0   1  0  0  0  0  3/9     7:51   0:00   0:00 
Wayne Simmonds           1  0  1   2  0   3  3  0  0  0  0/0    21:09   2:16   0:25 

Players Stats for Ducks

Player Name              G  A  P  +/- PIM S  H  SB GA TA FO     MP     PP MP  PK MP  
------------------------------------------------------------------------------------
Anders Lee               0  0  0  -1  0   2  1  0  0  0  1/1    24:07   0:44   2:39 
Artem Anisimov           0  1  1  -1  0   4  0  0  0  0  0/1    15:57   1:15   0:00 
Brandon Sutter           0  1  1  -1  5   6  0  0  0  0  1/2    13:53   1:15   0:00 
Brett Connolly           2  0  2   2  0   2  0  0  0  0  1/2    13:08   0:00   1:05 
Calvin de Haan           0  1  1   2  0   0  2  1  0  0  0/0    26:34   1:15   2:05 
Derek Forbort            0  0  0  -1  0   0  1  1  0  0  0/0    21:06   0:44   1:55 
Derek Stepan             0  0  0  -1  2   2  1  0  0  0  17/29  22:47   0:44   1:20 
Jack Roslovic            0  0  0   0  0   1  0  0  0  0  0/0     8:43   0:00   0:00 
Jacob de La Rose         0  0  0   0  0   1  1  0  0  0  4/8     9:43   0:00   1:00 
Josh Manson              1  0  1   2  0   3  0  0  0  0  0/0    26:33   1:15   2:05 
Kyle Turris              0  2  2   2  0   1  0  1  0  0  7/16   15:18   0:00   0:51 
Luke Kunin               0  0  0  -1  2   2  1  0  0  0  1/2    19:43   0:44   0:00 
Luke Schenn              0  0  0  -1  2   0  3  3  0  0  0/0    14:22   0:00   0:00 
Marcus Johansson         0  0  0  -1  0   4  3  1  0  0  8/16   18:54   1:15   1:05 
Michael Raffl            0  1  1   2  0   6  2  0  0  0  0/0    13:09   0:00   0:00 
T.J. Brodie              0  0  0  -1  0   3  0  1  0  0  0/0    22:03   0:44   1:55 
Tomas Nosek              0  0  0   0  0   2  1  0  0  0  0/1     8:43   0:00   0:00 
Tucker Poolman           0  0  0  -1  0   0  0  0  0  0  0/0    14:23   0:00   0:00 

3 Stars

1 - Brett Connolly (ANA)
2 - Kris Russell (WSH)
3 - Wayne Simmonds (WSH)

Power Play

Capitals - 0 on 3 Attempt(s) - 0,00%
Ducks - 0 on 2 Attempt(s) - 0,00%

Penalty Kill

Capitals - 2 on 2 Attempt(s) - 100,00% - Score 0 goal in Penalty Kill
Ducks - 3 on 3 Attempt(s) - 100,00% - Score 0 goal in Penalty Kill

Team Stat

Capitals - Hits : 19 - Faceoff Wins : 38 - Blocked Shots : 11 - Penalty Minutes : 9
Ducks - Hits : 16 - Faceoff Wins : 40 - Blocked Shots : 8 - Penalty Minutes : 11

Official

Referees : Mitch Dunning and Stephen Hiff
Linesman : Tyson Baker and Brent Hooks

Game Notes

Brandon Sutter and Radko Gudas fight to a draw at 12:00 of 2nd period

Finance

Level 1 -- Attendance: 6040 (92,92%) -- Ticket Income 664 400 $
Level 2 -- Attendance: 4867 (97,34%) -- Ticket Income 365 025 $
Level 3 -- Attendance: 2600 (100,00%) -- Ticket Income 145 600 $
Level 4 -- Attendance: 2074 (100,00%) -- Ticket Income 82 960 $
Luxury Box -- Attendance: 901 (90,10%) -- Ticket Income 179 299 $
Game was played at the Honda Center.
Total Attendance: 16482 (95,97%)
Total Ticket Income: 1 437 284 $
Other Income: 704 269 $
Total Income: 2 141 553 $

% Time on Ice - Capitals

Lines # - Real PCT - Wanted PCT - Time Play
Normal Forward
1 - 33% - 40% - 17:14
2 - 31% - 30% - 15:57
3 - 21% - 20% - 11:07
4 - 15% - 10% - 7:51
Normal Defense
1 - 37% - 40% - 19:03
2 - 31% - 30% - 16:06
3 - 29% - 20% - 15:07
4 - 4% - 10% - 1:53
PP Forward
1 - 43% - 60% - 1:44
2 - 57% - 40% - 2:16
PP Defense
1 - 43% - 60% - 1:44
2 - 57% - 40% - 2:16
PK Forward
1 - 79% - 60% - 1:34
2 - 21% - 40% - 0:25
PK Defense
1 - 58% - 60% - 1:09
2 - 42% - 40% - 0:50
PK3 Forward
1 - 100% - 60% - 0:02
2 - 0% - 40% - 0:00
PK3 Defense
1 - 100% - 60% - 0:02
2 - 0% - 40% - 0:00
44 Forward
1 - 66% - 60% - 1:14
2 - 34% - 40% - 0:38
44 Defense
1 - 62% - 60% - 1:09
2 - 38% - 40% - 0:43
Last Minute Offensive  - 0:00
Last Minute Defensive  - 0:00
Total
Forward - 60:02
Defense - 60:02

% Time on Ice - Ducks

Lines # - Real PCT - Wanted PCT - Time Play
Normal Forward
1 - 34% - 40% - 17:38
2 - 26% - 30% - 13:45
3 - 23% - 20% - 12:03
4 - 17% - 10% - 8:43
Normal Defense
1 - 35% - 40% - 18:02
2 - 34% - 30% - 17:39
3 - 28% - 20% - 14:23
4 - 4% - 10% - 2:05
PP Forward
1 - 37% - 60% - 0:44
2 - 63% - 40% - 1:15
PP Defense
1 - 63% - 60% - 1:15
2 - 37% - 40% - 0:44
PK Forward
1 - 85% - 60% - 3:24
2 - 15% - 40% - 0:36
PK Defense
1 - 52% - 60% - 2:05
2 - 48% - 40% - 1:55
PK3 Forward
1 - 0% - 60%
2 - 0% - 40%
PK3 Defense
1 - 0% - 60%
2 - 0% - 40%
44 Forward
1 - 58% - 60% - 1:06
2 - 42% - 40% - 0:48
44 Defense
1 - 58% - 60% - 1:06
2 - 42% - 40% - 0:48
Last Minute Offensive  - 0:00
Last Minute Defensive  - 0:00
Total
Forward - 60:02
Defense - 60:02

Play-by-Play

1st period


0:01 of 1st period - Mikael Granlund wins face-off versus Derek Stepan in neutral zone.
0:01 of 1st period - Mikael Granlund is hit by Anders Lee.
0:28 of 1st period - Icing by Josh Manson.
0:29 of 1st period - Jason Dickinson wins face-off versus Derek Stepan in Ducks zone.
0:31 of 1st period - Kevin Labanc is hit by Calvin de Haan and loses puck.
0:36 of 1st period - Shot by Kevin Labanc.
0:36 of 1st period - Shot Hit the Post.
0:38 of 1st period - Shot by Wayne Simmonds.
0:38 of 1st period - Stopped by Antti Raanta without a rebound.
0:39 of 1st period - Marcus Johansson wins face-off versus Casey Mittelstadt in Ducks zone.
0:52 of 1st period - Shot by Bobby Ryan.
0:52 of 1st period - Shot Misses the Net.
1:00 of 1st period - Shot by Brandon Sutter.
1:00 of 1st period - Stopped by Jimmy Howard without a rebound.
1:01 of 1st period - Jason Dickinson wins face-off versus Kyle Turris in Capitals zone.
1:24 of 1st period - Shot by Kevin Labanc.
1:24 of 1st period - Shot Blocked by Luke Schenn.
1:26 of 1st period - Shot by Kris Russell.
1:26 of 1st period - Goal by Kris Russell - Capitals : 1 - Ducks : 0.
1:27 of 1st period - Jacob de La Rose wins face-off versus Vinnie Hinostroza in neutral zone.
1:53 of 1st period - Shot by Tomas Nosek.
1:53 of 1st period - Stopped by Jimmy Howard with a rebound.
2:33 of 1st period - Shot by Brandon Sutter.
2:33 of 1st period - Deflect By Marcus Johansson.
2:33 of 1st period - Stopped by Jimmy Howard with a rebound.
2:45 of 1st period - Shot by Artem Anisimov.
2:45 of 1st period - Stopped by Jimmy Howard without a rebound.
2:46 of 1st period - Oliver Bjorkstrand wins face-off versus Derek Stepan in Capitals zone.
2:48 of 1st period - Mikael Granlund is hit by Derek Stepan and loses puck.
2:59 of 1st period - Shot by David Kampf.
2:59 of 1st period - Goal by David Kampf - Capitals : 2 - Ducks : 0.
3:00 of 1st period - Kyle Turris wins face-off versus Jason Dickinson in neutral zone.
3:03 of 1st period - Shot by Michael Raffl.
3:03 of 1st period - Stopped by Jimmy Howard without a rebound.
3:04 of 1st period - Mikael Granlund wins face-off versus Derek Stepan in Capitals zone.
3:23 of 1st period - Shot by Riley Stillman.
3:23 of 1st period - Shot Misses the Net.
3:33 of 1st period - Shot by Mikael Granlund.
3:33 of 1st period - Stopped by Antti Raanta without a rebound.
3:34 of 1st period - Jason Dickinson wins face-off versus Kyle Turris in Ducks zone.
4:01 of 1st period - Shot by Jason Dickinson.
4:01 of 1st period - Shot Misses the Net.
4:03 of 1st period - Shot by Radko Gudas.
4:03 of 1st period - Stopped by Antti Raanta without a rebound.
4:04 of 1st period - Marcus Johansson wins face-off versus Chandler Stephenson in Ducks zone.
4:09 of 1st period - Shot by Artem Anisimov.
4:09 of 1st period - Shot Misses the Net.
4:21 of 1st period - Shot by Chandler Stephenson.
4:21 of 1st period - Stopped by Antti Raanta with a rebound.
4:23 of 1st period - Shot by Chandler Stephenson.
4:23 of 1st period - Deflect By Casey Mittelstadt.
4:23 of 1st period - Stopped by Antti Raanta without a rebound.
4:24 of 1st period - Derek Stepan wins face-off versus Mikael Granlund in Ducks zone.
4:48 of 1st period - Derek Stepan is hit by Riley Stillman.
5:50 of 1st period - Icing by Jason Dickinson.
5:51 of 1st period - Jason Dickinson wins face-off versus Kyle Turris in Capitals zone.
6:31 of 1st period - Shot by Bobby Ryan.
6:31 of 1st period - Shot Misses the Net.
7:38 of 1st period - Icing by David Kampf.
7:39 of 1st period - Oliver Bjorkstrand wins face-off versus Derek Stepan in Capitals zone.
7:41 of 1st period - Mikael Granlund is hit by Luke Kunin and loses puck.
7:46 of 1st period - Luke Kunin is hit by Mikael Granlund and loses puck.
9:09 of 1st period - Mattias Ekholm is hit by Michael Raffl and loses puck.
9:24 of 1st period - Shot by Michael Raffl.
9:24 of 1st period - Shot Blocked by Mattias Ekholm.
9:34 of 1st period - Icing by Mattias Ekholm.
9:35 of 1st period - Jason Dickinson wins face-off versus Marcus Johansson in Capitals zone.
11:40 of 1st period - Off-side.
11:41 of 1st period - Marcus Johansson wins face-off versus Vinnie Hinostroza in neutral zone.
11:56 of 1st period - Icing by Filip Zadina.
11:57 of 1st period - Vinnie Hinostroza wins face-off versus Kyle Turris in Capitals zone.
12:06 of 1st period - Shot by Riley Stillman.
12:06 of 1st period - Stopped by Antti Raanta without a rebound.
12:07 of 1st period - Derek Stepan wins face-off versus Mikael Granlund in Ducks zone.
12:07 of 1st period - Derek Stepan is hit by Mikael Granlund.
12:35 of 1st period - David Kampf is hit by Calvin de Haan and loses puck.
12:39 of 1st period - Icing by Luke Kunin.
12:40 of 1st period - Derek Stepan wins face-off versus Chandler Stephenson in Ducks zone.
12:45 of 1st period - Shot by Josh Manson.
12:45 of 1st period - Stopped by Jimmy Howard without a rebound.
12:46 of 1st period - Marcus Johansson wins face-off versus Chandler Stephenson in Capitals zone.
12:47 of 1st period - Shot by Brandon Sutter.
12:47 of 1st period - Stopped by Jimmy Howard without a rebound.
12:48 of 1st period - Chandler Stephenson wins face-off versus Marcus Johansson in Capitals zone.
12:48 of 1st period - Chandler Stephenson is hit by Marcus Johansson.
13:00 of 1st period - Shot by Bobby Ryan.
13:00 of 1st period - Stopped by Antti Raanta with a rebound.
13:02 of 1st period - Shot by Casey Mittelstadt.
13:02 of 1st period - Shot Misses the Net.
13:50 of 1st period - Shot by Mikael Granlund.
13:50 of 1st period - Stopped by Antti Raanta without a rebound.
13:51 of 1st period - Anders Lee wins face-off versus Vinnie Hinostroza in Ducks zone.
14:02 of 1st period - Shot by Derek Stepan.
14:02 of 1st period - Shot Misses the Net.
14:18 of 1st period - Shot by Vinnie Hinostroza.
14:18 of 1st period - Shot Hit the Post.
14:28 of 1st period - Shot by Mattias Ekholm.
14:28 of 1st period - Stopped by Antti Raanta without a rebound.
14:29 of 1st period - Kyle Turris wins face-off versus Mikael Granlund in Ducks zone.
14:40 of 1st period - Shot by David Kampf.
14:40 of 1st period - Shot Blocked by Kyle Turris.
14:46 of 1st period - Shot by David Kampf.
14:46 of 1st period - Stopped by Antti Raanta without a rebound.
14:47 of 1st period - Jacob de La Rose wins face-off versus Bobby Ryan in Ducks zone.
14:47 of 1st period - Jacob de La Rose is hit by Bobby Ryan.
15:21 of 1st period - Shot by Casey Mittelstadt.
15:21 of 1st period - Stopped by Antti Raanta without a rebound.
15:22 of 1st period - Luke Kunin wins face-off versus Mikael Granlund in Ducks zone.
15:26 of 1st period - Minor Penalty to Derek Stepan for Goalie Interference.
15:27 of 1st period - Mikael Granlund wins face-off versus Brett Connolly in Ducks zone.
15:32 of 1st period - Shot by Oliver Bjorkstrand.
15:32 of 1st period - Shot Blocked by T.J. Brodie.
16:07 of 1st period - Shot by Mattias Ekholm.
16:07 of 1st period - Shot Hit the Post.
16:30 of 1st period - Icing by Jason Dickinson.
16:31 of 1st period - Jason Dickinson wins face-off versus Jacob de La Rose in Capitals zone.
16:38 of 1st period - Josh Manson is hit by Wayne Simmonds and loses puck.
17:34 of 1st period - Shot by Marcus Johansson.
17:34 of 1st period - Stopped by Jimmy Howard without a rebound.
17:35 of 1st period - Vinnie Hinostroza wins face-off versus Marcus Johansson in Capitals zone.
17:43 of 1st period - Kaapo Kakko is hit by Luke Schenn and loses puck.
18:35 of 1st period - Icing by Derek Forbort.
18:36 of 1st period - Kyle Turris wins face-off versus Mikael Granlund in Ducks zone.
18:36 of 1st period - Kyle Turris is hit by Oliver Bjorkstrand.
19:08 of 1st period - Kyle Turris is hit by Brandon Montour and loses puck.
19:31 of 1st period - Calvin de Haan is hit by Wayne Simmonds and loses puck.
Goals for this period are 2 for Capitals vs 0 for Ducks.
Shots for this period are 13 for Capitals vs 8 for Ducks.

2nd period


0:01 of 2nd period - Derek Stepan wins face-off versus Mikael Granlund in neutral zone.
0:20 of 2nd period - Shot by Brandon Montour.
0:20 of 2nd period - Stopped by Antti Raanta with a rebound.
0:48 of 2nd period - Off-side.
0:49 of 2nd period - Marcus Johansson wins face-off versus Jason Dickinson in neutral zone.
0:58 of 2nd period - Shot by Jason Dickinson.
0:58 of 2nd period - Stopped by Antti Raanta without a rebound.
0:59 of 2nd period - Chandler Stephenson wins face-off versus Kyle Turris in Ducks zone.
1:26 of 2nd period - Shot by Casey Mittelstadt.
1:26 of 2nd period - Stopped by Antti Raanta without a rebound.
1:27 of 2nd period - Marcus Johansson wins face-off versus Jason Dickinson in Ducks zone.
1:41 of 2nd period - Shot by Marcus Johansson.
1:41 of 2nd period - Stopped by Jimmy Howard with a rebound.
1:43 of 2nd period - Shot by T.J. Brodie.
1:43 of 2nd period - Stopped by Jimmy Howard without a rebound.
1:44 of 2nd period - Mikael Granlund wins face-off versus Derek Stepan in Capitals zone.
2:01 of 2nd period - Shot by Derek Stepan.
2:01 of 2nd period - Shot Misses the Net.
2:03 of 2nd period - Shot by Luke Kunin.
2:03 of 2nd period - Stopped by Jimmy Howard with a rebound.
2:05 of 2nd period - Shot by Luke Kunin.
2:05 of 2nd period - Stopped by Jimmy Howard with a rebound.
2:07 of 2nd period - Shot by Derek Stepan.
2:07 of 2nd period - Shot Misses the Net.
3:00 of 2nd period - Shot by Jason Dickinson.
3:00 of 2nd period - Deflect By Wayne Simmonds.
3:00 of 2nd period - Shot Misses the Net.
3:04 of 2nd period - Shot by Wayne Simmonds.
3:04 of 2nd period - Goal by Wayne Simmonds - Capitals : 3 - Ducks : 0.
3:05 of 2nd period - Chandler Stephenson wins face-off versus Kyle Turris in neutral zone.
3:10 of 2nd period - Shot by Chandler Stephenson.
3:10 of 2nd period - Shot Blocked by Luke Schenn.
4:16 of 2nd period - Shot by Kevin Labanc.
4:16 of 2nd period - Shot Misses the Net.
4:18 of 2nd period - Shot by Mattias Ekholm.
4:18 of 2nd period - Stopped by Antti Raanta without a rebound.
4:19 of 2nd period - Derek Stepan wins face-off versus Mikael Granlund in Ducks zone.
4:35 of 2nd period - Icing by T.J. Brodie.
4:36 of 2nd period - Derek Stepan wins face-off versus Vinnie Hinostroza in Ducks zone.
4:47 of 2nd period - Shot by Kaapo Kakko.
4:47 of 2nd period - Stopped by Antti Raanta without a rebound.
4:48 of 2nd period - Marcus Johansson wins face-off versus Mikael Granlund in Ducks zone.
5:23 of 2nd period - Shot by Mikael Granlund.
5:23 of 2nd period - Shot Misses the Net.
5:25 of 2nd period - Shot by Oliver Bjorkstrand.
5:25 of 2nd period - Shot Misses the Net.
6:40 of 2nd period - Shot by Brett Connolly.
6:40 of 2nd period - Deflect By Michael Raffl.
6:40 of 2nd period - Shot Misses the Net.
7:02 of 2nd period - Shot by Filip Zadina.
7:02 of 2nd period - Shot Misses the Net.
7:04 of 2nd period - Shot by Brandon Montour.
7:04 of 2nd period - Shot Misses the Net.
7:22 of 2nd period - Shot by Filip Zadina.
7:22 of 2nd period - Stopped by Antti Raanta without a rebound.
7:23 of 2nd period - Jacob de La Rose wins face-off versus Mikael Granlund in Ducks zone.
7:23 of 2nd period - Jacob de La Rose is hit by Oliver Bjorkstrand.
7:28 of 2nd period - Josh Manson is hit by Radko Gudas and loses puck.
10:00 of 2nd period - Shot by Anders Lee.
10:00 of 2nd period - Stopped by Jimmy Howard with a rebound.
10:42 of 2nd period - Shot by Mikael Granlund.
10:42 of 2nd period - Shot Blocked by Calvin de Haan.
10:44 of 2nd period - Shot by Mikael Granlund.
10:44 of 2nd period - Stopped by Antti Raanta without a rebound.
10:45 of 2nd period - Vinnie Hinostroza wins face-off versus Tomas Nosek in Ducks zone.
11:02 of 2nd period - Shot by Kaapo Kakko.
11:02 of 2nd period - Deflect By Filip Zadina.
11:02 of 2nd period - Stopped by Antti Raanta without a rebound.
11:03 of 2nd period - Derek Stepan wins face-off versus Mikael Granlund in Ducks zone.
11:18 of 2nd period - Shot by Luke Kunin.
11:18 of 2nd period - Shot Misses the Net.
11:36 of 2nd period - Shot by Luke Kunin.
11:36 of 2nd period - Shot Misses the Net.
12:00 of 2nd period - Brandon Sutter and Radko Gudas fight to a draw.
12:00 of 2nd period - Penalty to Brandon Sutter for Fighting.
12:00 of 2nd period - Penalty to Radko Gudas for Fighting.
12:01 of 2nd period - Marcus Johansson wins face-off versus Vinnie Hinostroza in Capitals zone.
12:22 of 2nd period - Shot by Marcus Johansson.
12:22 of 2nd period - Shot Misses the Net.
12:24 of 2nd period - Shot by Marcus Johansson.
12:24 of 2nd period - Deflect By Michael Raffl.
12:24 of 2nd period - Stopped by Jimmy Howard with a rebound.
12:26 of 2nd period - Shot by Marcus Johansson.
12:26 of 2nd period - Shot Misses the Net.
12:28 of 2nd period - Shot by Derek Forbort.
12:28 of 2nd period - Shot Misses the Net.
12:34 of 2nd period - Shot by T.J. Brodie.
12:34 of 2nd period - Shot Misses the Net.
13:04 of 2nd period - Shot by Jacob de La Rose.
13:04 of 2nd period - Shot Misses the Net.
13:06 of 2nd period - Shot by Tomas Nosek.
13:06 of 2nd period - Stopped by Jimmy Howard with a rebound.
13:08 of 2nd period - Shot by Jacob de La Rose.
13:08 of 2nd period - Shot Misses the Net.
13:10 of 2nd period - Shot by Jacob de La Rose.
13:10 of 2nd period - Stopped by Jimmy Howard with a rebound.
13:20 of 2nd period - Shot by Tomas Nosek.
13:20 of 2nd period - Shot Misses the Net.
13:27 of 2nd period - Icing by Kris Russell.
13:28 of 2nd period - Jason Dickinson wins face-off versus Derek Stepan in Capitals zone.
13:55 of 2nd period - Icing by Josh Manson.
13:56 of 2nd period - Derek Stepan wins face-off versus Mikael Granlund in Ducks zone.
14:19 of 2nd period - Shot by Michael Raffl.
14:19 of 2nd period - Stopped by Jimmy Howard with a rebound.
14:27 of 2nd period - Shot by Marcus Johansson.
14:27 of 2nd period - Shot Misses the Net.
14:29 of 2nd period - Shot by Michael Raffl.
14:29 of 2nd period - Shot Misses the Net.
14:31 of 2nd period - Shot by Derek Forbort.
14:31 of 2nd period - Shot Misses the Net.
14:33 of 2nd period - Shot by Artem Anisimov.
14:33 of 2nd period - Stopped by Jimmy Howard without a rebound.
14:34 of 2nd period - Jacob de La Rose wins face-off versus Chandler Stephenson in Capitals zone.
14:39 of 2nd period - Shot by Jack Roslovic.
14:39 of 2nd period - Stopped by Jimmy Howard without a rebound.
14:40 of 2nd period - Chandler Stephenson wins face-off versus Jacob de La Rose in Capitals zone.
14:40 of 2nd period - Chandler Stephenson is hit by Tomas Nosek.
15:01 of 2nd period - Casey Mittelstadt is hit by Luke Schenn and loses puck.
15:07 of 2nd period - Minor Penalty to Luke Schenn for Hooking.
15:08 of 2nd period - Derek Stepan wins face-off versus Mikael Granlund in Ducks zone.
15:19 of 2nd period - Shot by Brandon Montour.
15:19 of 2nd period - Shot Misses the Net.
15:21 of 2nd period - Shot by Oliver Bjorkstrand.
15:21 of 2nd period - Deflect By Mikael Granlund.
15:21 of 2nd period - Shot Misses the Net.
15:23 of 2nd period - Shot by Brandon Montour.
15:23 of 2nd period - Shot Misses the Net.
15:59 of 2nd period - Shot by Jason Dickinson.
15:59 of 2nd period - Shot Misses the Net.
16:01 of 2nd period - Shot by Kris Russell.
16:01 of 2nd period - Stopped by Antti Raanta without a rebound.
16:02 of 2nd period - Jason Dickinson wins face-off versus Marcus Johansson in Ducks zone.
16:07 of 2nd period - Shot by Jason Dickinson.
16:07 of 2nd period - Stopped by Antti Raanta without a rebound.
16:08 of 2nd period - Derek Stepan wins face-off versus Jason Dickinson in Ducks zone.
17:24 of 2nd period - Tomas Nosek is hit by Brandon Montour and loses puck.
17:34 of 2nd period - Jacob de La Rose is hit by Brandon Montour and loses puck.
17:56 of 2nd period - Off-side.
17:57 of 2nd period - Kyle Turris wins face-off versus Chandler Stephenson in neutral zone.
18:03 of 2nd period - Shot by Michael Raffl.
18:03 of 2nd period - Stopped by Jimmy Howard with a rebound.
18:05 of 2nd period - Shot by Michael Raffl.
18:05 of 2nd period - Stopped by Jimmy Howard with a rebound.
18:07 of 2nd period - Shot by Josh Manson.
18:07 of 2nd period - Goal by Josh Manson - Capitals : 3 - Ducks : 1.
18:08 of 2nd period - Derek Stepan wins face-off versus Vinnie Hinostroza in neutral zone.
18:36 of 2nd period - Shot by Vinnie Hinostroza.
18:36 of 2nd period - Stopped by Antti Raanta with a rebound.
18:59 of 2nd period - Shot by Artem Anisimov.
18:59 of 2nd period - Shot Misses the Net.
19:01 of 2nd period - Shot by Brandon Sutter.
19:01 of 2nd period - Shot Hit the Post.
19:03 of 2nd period - Shot by Josh Manson.
19:03 of 2nd period - Shot Hit the Post.
19:48 of 2nd period - Icing by Brandon Montour.
19:49 of 2nd period - Jason Dickinson wins face-off versus Jacob de La Rose in Capitals zone.
19:49 of 2nd period - Jason Dickinson is hit by Jacob de La Rose.
Goals for this period are 1 for Capitals vs 1 for Ducks.
Shots for this period are 12 for Capitals vs 14 for Ducks.

3rd period


0:01 of 3rd period - Mikael Granlund wins face-off versus Derek Stepan in neutral zone.
0:33 of 3rd period - Shot by Derek Stepan.
0:33 of 3rd period - Stopped by Jimmy Howard without a rebound.
0:34 of 3rd period - Brandon Sutter wins face-off versus Jason Dickinson in Capitals zone.
0:37 of 3rd period - Shot by Marcus Johansson.
0:37 of 3rd period - Shot Misses the Net.
0:39 of 3rd period - Shot by Marcus Johansson.
0:39 of 3rd period - Shot Blocked by Kris Russell.
1:05 of 3rd period - Shot by Kevin Labanc.
1:05 of 3rd period - Stopped by Antti Raanta without a rebound.
1:06 of 3rd period - Kyle Turris wins face-off versus Chandler Stephenson in Ducks zone.
1:17 of 3rd period - Shot by Michael Raffl.
1:17 of 3rd period - Deflect By Brett Connolly.
1:17 of 3rd period - Shot Misses the Net.
1:19 of 3rd period - Shot by Calvin de Haan.
1:19 of 3rd period - Deflect By Brett Connolly.
1:19 of 3rd period - Shot Blocked by Chandler Stephenson.
1:21 of 3rd period - Shot by Kyle Turris.
1:21 of 3rd period - Shot Blocked by Mattias Ekholm.
1:23 of 3rd period - Shot by Michael Raffl.
1:23 of 3rd period - Stopped by Jimmy Howard with a rebound.
1:25 of 3rd period - Shot by Kyle Turris.
1:25 of 3rd period - Stopped by Jimmy Howard with a rebound.
1:35 of 3rd period - Shot by Brett Connolly.
1:35 of 3rd period - Shot Misses the Net.
1:39 of 3rd period - Shot by Michael Raffl.
1:39 of 3rd period - Shot Blocked by Mattias Ekholm.
2:16 of 3rd period - Shot by Mikael Granlund.
2:16 of 3rd period - Deflect By David Kampf.
2:16 of 3rd period - Shot Misses the Net.
2:27 of 3rd period - Shot by Mikael Granlund.
2:27 of 3rd period - Stopped by Antti Raanta with a rebound.
2:42 of 3rd period - Icing by T.J. Brodie.
2:43 of 3rd period - Jason Dickinson wins face-off versus Derek Stepan in Ducks zone.
3:14 of 3rd period - Shot by Wayne Simmonds.
3:14 of 3rd period - Shot Misses the Net.
3:55 of 3rd period - Shot by Filip Zadina.
3:55 of 3rd period - Stopped by Antti Raanta without a rebound.
3:56 of 3rd period - Mikael Granlund wins face-off versus Jacob de La Rose in Ducks zone.
4:32 of 3rd period - Shot by Oliver Bjorkstrand.
4:32 of 3rd period - Deflect By Mikael Granlund.
4:32 of 3rd period - Stopped by Antti Raanta without a rebound.
4:33 of 3rd period - Jason Dickinson wins face-off versus Artem Anisimov in Ducks zone.
4:34 of 3rd period - Shot by Wayne Simmonds.
4:34 of 3rd period - Shot Misses the Net.
4:36 of 3rd period - Shot by Jason Dickinson.
4:36 of 3rd period - Shot Misses the Net.
4:38 of 3rd period - Shot by Wayne Simmonds.
4:38 of 3rd period - Shot Blocked by Luke Schenn.
4:40 of 3rd period - Shot by Wayne Simmonds.
4:40 of 3rd period - Shot Blocked by Marcus Johansson.
4:42 of 3rd period - Shot by Jason Dickinson.
4:42 of 3rd period - Shot Misses the Net.
4:49 of 3rd period - Jason Dickinson is hit by Luke Schenn and loses puck.
5:57 of 3rd period - Shot by Brett Connolly.
5:57 of 3rd period - Goal by Brett Connolly - Capitals : 3 - Ducks : 2.
5:58 of 3rd period - Derek Stepan wins face-off versus Mikael Granlund in neutral zone.
6:20 of 3rd period - Shot by David Kampf.
6:20 of 3rd period - Shot Hit the Post.
6:22 of 3rd period - Shot by Riley Stillman.
6:22 of 3rd period - Shot Misses the Net.
6:35 of 3rd period - Mikael Granlund is hit by Derek Forbort and loses puck.
7:40 of 3rd period - Off-side.
7:41 of 3rd period - Chandler Stephenson wins face-off versus Brandon Sutter in neutral zone.
7:54 of 3rd period - Shot by Brandon Sutter.
7:54 of 3rd period - Stopped by Jimmy Howard with a rebound.
7:56 of 3rd period - Shot by Marcus Johansson.
7:56 of 3rd period - Stopped by Jimmy Howard without a rebound.
7:57 of 3rd period - Brett Connolly wins face-off versus Mikael Granlund in Capitals zone.
8:11 of 3rd period - Icing by Brett Kulak.
8:12 of 3rd period - Derek Stepan wins face-off versus Mikael Granlund in Capitals zone.
8:25 of 3rd period - Shot by Anders Lee.
8:25 of 3rd period - Shot Blocked by Riley Stillman.
8:27 of 3rd period - Shot by Luke Kunin.
8:27 of 3rd period - Shot Blocked by Brett Kulak.
9:12 of 3rd period - Icing by Luke Kunin.
9:13 of 3rd period - Derek Stepan wins face-off versus Chandler Stephenson in Ducks zone.
9:13 of 3rd period - Derek Stepan is hit by Bobby Ryan.
9:28 of 3rd period - Artem Anisimov is hit by Radko Gudas and loses puck.
9:33 of 3rd period - Shot by Brandon Sutter.
9:33 of 3rd period - Stopped by Jimmy Howard without a rebound.
9:34 of 3rd period - Jason Dickinson wins face-off versus Kyle Turris in Capitals zone.
9:34 of 3rd period - Jason Dickinson is hit by Michael Raffl.
10:10 of 3rd period - Shot by Kyle Turris.
10:10 of 3rd period - Shot Misses the Net.
10:12 of 3rd period - Shot by T.J. Brodie.
10:12 of 3rd period - Shot Misses the Net.
10:13 of 3rd period - Minor Penalty to Brandon Montour for Goalie Interference.
10:14 of 3rd period - Mikael Granlund wins face-off versus Marcus Johansson in Capitals zone.
10:16 of 3rd period - David Kampf is hit by Marcus Johansson and loses puck.
10:23 of 3rd period - Shot by Artem Anisimov.
10:23 of 3rd period - Stopped by Jimmy Howard without a rebound.
10:24 of 3rd period - Mikael Granlund wins face-off versus Marcus Johansson in Capitals zone.
10:34 of 3rd period - Icing by Josh Manson.
10:35 of 3rd period - Mikael Granlund wins face-off versus Marcus Johansson in Ducks zone.
10:55 of 3rd period - Shot by Brandon Sutter.
10:55 of 3rd period - Stopped by Jimmy Howard without a rebound.
10:56 of 3rd period - Mikael Granlund wins face-off versus Derek Stepan in Capitals zone.
11:21 of 3rd period - Shot by T.J. Brodie.
11:21 of 3rd period - Shot Blocked by Brett Kulak.
11:53 of 3rd period - Shot by Josh Manson.
11:53 of 3rd period - Stopped by Jimmy Howard with a rebound.
11:55 of 3rd period - Shot by Brandon Sutter.
11:55 of 3rd period - Stopped by Jimmy Howard without a rebound.
11:56 of 3rd period - Casey Mittelstadt wins face-off versus Marcus Johansson in Capitals zone.
12:17 of 3rd period - Shot by Artem Anisimov.
12:17 of 3rd period - Shot Misses the Net.
12:19 of 3rd period - Shot by Brett Connolly.
12:19 of 3rd period - Goal by Brett Connolly - Capitals : 3 - Ducks : 3.
12:20 of 3rd period - Jason Dickinson wins face-off versus Kyle Turris in neutral zone.
13:57 of 3rd period - Luke Kunin is hit by Riley Stillman.
14:03 of 3rd period - Shot by Derek Stepan.
14:03 of 3rd period - Shot Blocked by David Kampf.
14:05 of 3rd period - Shot by Luke Kunin.
14:05 of 3rd period - Shot Blocked by Riley Stillman.
14:07 of 3rd period - Shot by Anders Lee.
14:07 of 3rd period - Stopped by Jimmy Howard with a rebound.
15:02 of 3rd period - Wayne Simmonds is hit by Marcus Johansson and loses puck.
15:39 of 3rd period - Josh Manson is hit by Jason Dickinson and loses puck.
15:47 of 3rd period - Jack Roslovic is hit by Kris Russell and loses puck.
16:16 of 3rd period - Shot by Filip Zadina.
16:16 of 3rd period - Stopped by Antti Raanta with a rebound.
16:30 of 3rd period - Shot by Filip Zadina.
16:30 of 3rd period - Stopped by Antti Raanta without a rebound.
16:31 of 3rd period - Kyle Turris wins face-off versus Chandler Stephenson in Ducks zone.
16:56 of 3rd period - Shot by Chandler Stephenson.
16:56 of 3rd period - Shot Blocked by Derek Forbort.
17:03 of 3rd period - Icing by Michael Raffl.
17:04 of 3rd period - Mikael Granlund wins face-off versus Kyle Turris in Ducks zone.
17:11 of 3rd period - Shot by Mikael Granlund.
17:11 of 3rd period - Shot Misses the Net.
17:13 of 3rd period - Shot by Mikael Granlund.
17:13 of 3rd period - Shot Misses the Net.
17:15 of 3rd period - Shot by Oliver Bjorkstrand.
17:15 of 3rd period - Stopped by Antti Raanta with a rebound.
17:17 of 3rd period - Shot by Riley Stillman.
17:17 of 3rd period - Stopped by Antti Raanta with a rebound.
17:48 of 3rd period - T.J. Brodie is hit by Riley Stillman.
18:05 of 3rd period - Minor Penalty to Luke Kunin for Slashing.
18:06 of 3rd period - Derek Stepan wins face-off versus Jason Dickinson in Ducks zone.
18:06 of 3rd period - Derek Stepan is hit by Wayne Simmonds.
18:07 of 3rd period - Minor Penalty to Jason Dickinson for Boarding.
18:08 of 3rd period - Derek Stepan wins face-off versus Mikael Granlund in Capitals zone.
18:38 of 3rd period - Shot by Mikael Granlund.
18:38 of 3rd period - Stopped by Antti Raanta without a rebound.
18:39 of 3rd period - David Kampf wins face-off versus Derek Stepan in Ducks zone.
18:44 of 3rd period - Shot by Chandler Stephenson.
18:44 of 3rd period - Shot Misses the Net.
19:01 of 3rd period - Shot by Anders Lee.
19:01 of 3rd period - Shot Misses the Net.
Goals for this period are 0 for Capitals vs 2 for Ducks.
Shots for this period are 9 for Capitals vs 13 for Ducks.

Overtime #1


0:01 of 1st overtime period - David Kampf wins face-off versus Derek Stepan in neutral zone.
0:16 of 1st overtime period - Shot by Anders Lee.
0:16 of 1st overtime period - Shot Blocked by Mattias Ekholm.
0:40 of 1st overtime period - Shot by David Kampf.
0:40 of 1st overtime period - Shot Misses the Net.
2:03 of 1st overtime period - Shot by Bobby Ryan.
2:03 of 1st overtime period - Stopped by Antti Raanta without a rebound.
2:04 of 1st overtime period - Derek Stepan wins face-off versus David Kampf in Ducks zone.
2:56 of 1st overtime period - Shot by Artem Anisimov.
2:56 of 1st overtime period - Stopped by Jimmy Howard with a rebound.
2:58 of 1st overtime period - Shot by Luke Kunin.
2:58 of 1st overtime period - Shot Misses the Net.
3:00 of 1st overtime period - Shot by T.J. Brodie.
3:00 of 1st overtime period - Stopped by Jimmy Howard with a rebound.
3:02 of 1st overtime period - Shot by T.J. Brodie.
3:02 of 1st overtime period - Stopped by Jimmy Howard without a rebound.
3:03 of 1st overtime period - Kyle Turris wins face-off versus Bobby Ryan in Capitals zone.
3:08 of 1st overtime period - Shot by Kyle Turris.
3:08 of 1st overtime period - Deflect By Marcus Johansson.
3:08 of 1st overtime period - Shot Misses the Net.
4:04 of 1st overtime period - Shot by Derek Stepan.
4:04 of 1st overtime period - Stopped by Jimmy Howard with a rebound.
4:34 of 1st overtime period - Shot by David Kampf.
4:34 of 1st overtime period - Stopped by Antti Raanta without a rebound.
4:35 of 1st overtime period - David Kampf wins face-off versus Luke Kunin in Ducks zone.
4:40 of 1st overtime period - Shot by Wayne Simmonds.
4:40 of 1st overtime period - Stopped by Antti Raanta with a rebound.
Goals for this period are 0 for Capitals vs 0 for Ducks.
Shots for this period are 3 for Capitals vs 4 for Ducks.

ShootOut


5:00 of 1st overtime period - Round #1.
5:00 of 1st overtime period - Capitals, Mikael Granlund.
5:00 of 1st overtime period - Stopped by Antti Raanta.
5:00 of 1st overtime period - Ducks, Derek Stepan.
5:00 of 1st overtime period - Stopped by Jimmy Howard.
5:00 of 1st overtime period - Round #2.
5:00 of 1st overtime period - Capitals, David Kampf.
5:00 of 1st overtime period - Stopped by Antti Raanta.
5:00 of 1st overtime period - Ducks, Anders Lee.
5:00 of 1st overtime period - Stopped by Jimmy Howard.
5:00 of 1st overtime period - Round #3.
5:00 of 1st overtime period - Capitals, Oliver Bjorkstrand.
5:00 of 1st overtime period - Stopped by Antti Raanta.
5:00 of 1st overtime period - Ducks, Marcus Johansson.
5:00 of 1st overtime period - Goal by Marcus Johansson.